 Dungeon Crawl Stone Soup version 0.26-a0-660-gc07710193c (webtiles) character file.

Game seed: 12858442213784829182

9788 oldriver the Basher (level 11, -4/75 HPs)
             Began as a Gargoyle Fighter on Oct 6, 2020.
             Was a Believer of Ru.
             Slain by a komodo dragon (17 damage)
             ... on level 1 of the Lair of Beasts.
             The game lasted 00:14:17 (11463 turns).

oldriver the Basher (Gargoyle Fighter)             Turns: 11463, Time: 00:14:18

Health: -4/75      AC: 16    Str: 19    XL:     11   Next: 52%
Magic:  17/17      EV:  7    Int: 10    God:    Ru [**....]
Gold:   805        SH: 12    Dex: 12    Spells: 10/10 levels left

rFire    . . .     SeeInvis .   y - +8 flail (pain)
rCold    . . .     Faith    .   c - +1 kite shield
rNeg     + . .     Spirit   .   N - +0 chain mail
rPois    ∞         Reflect  .   (no helmet)
rElec    +         Harm     .   (no cloak)
rCorr    .         Rampage  .   n - +0 pair of gloves
MR       .....     Rnd*Tele +   z - +0 pair of boots
Stlth    ..........             w - amulet of magic regeneration
HPRegen  0.22/turn              q - ring of magical power
MPRegen  0.40/turn              h - ring of stealth

@: no scrolls
A: low mp 2, negative energy resistance 1, robust 1, electricity resistance,
teleportitis 1, unbreathing, petrification resistance, rot immunity, inability
to read while threatened, reduced AC 1, AC +8
a: Renounce Religion


You were on level 1 of the Lair of Beasts.
You worshipped Ru.
Ru was pleased with you.
You visited 3 branches of the dungeon, and saw 13 of its levels.
You also visited: Ossuary.

You collected 805 gold pieces.

Inventory:

Hand Weapons
 y - a +8 flail of pain (weapon)
Armour
 c - a +1 kite shield (worn)
 n - a +0 pair of gloves (worn)
 z - a +0 pair of boots (worn)
 N - a +0 chain mail (worn)
Jewellery
 h - a ring of stealth (right hand)
 q - a ring of magical power (left hand)
 v - an uncursed ring of fire
 w - an amulet of magic regeneration (around neck)
 C - a cursed ring of fire
Wands
 f - a wand of enslavement (13)
 m - a wand of flame (45)
 s - a wand of random effects (12)
 t - a wand of paralysis (12)
 u - a wand of digging (3)
 A - a wand of polymorph (10)
 H - a wand of disintegration (12)
Scrolls
 d - a scroll of enchant armour
 e - 5 scrolls of remove curse
 g - 9 scrolls of identify
 j - 7 scrolls of teleportation
 k - 4 scrolls of amnesia
 p - 3 scrolls of magic mapping
 r - 3 scrolls of blinking
 x - a scroll of summoning {unknown}
 F - a scroll of fog
 J - a scroll of vulnerability {unknown}
 K - a scroll of torment {unknown}
 L - 2 scrolls of fear
Potions
 a - a potion of lignification
 i - a potion of curing
 l - 3 potions of heal wounds
 o - a potion of might
 B - a potion of invisibility
 D - a potion of stabbing
 G - a potion of resistance
 M - a potion of haste


   Skills:
 + Level 8.8 Fighting
 + Level 12.1 Maces & Flails
 + Level 7.6 Armour
 + Level 3.2 Dodging
 + Level 3.3 Stealth
 + Level 8.3 Shields


You had 10 spell levels left.
You didn't know any spells.
Your spell library contained the following spells:

 Spells                   Type           Power        Failure   Level
 Corona                   Hex            #......      100%        1
 Freeze                   Ice            #...         100%        1
 Poisonous Vapours        Pois/Air       #.....       100%        2
 Conjure Flame            Conj/Fire      #.......     100%        3
 Frozen Ramparts          Ice            #.....       100%        3
 Mephitic Cloud           Conj/Pois/Air  #.......     100%        3
 Ozocubu's Armour         Ice            #.......     100%        3
 Tukima's Dance           Hex            #.......     100%        3
 Hailstorm                Conj/Ice       #.......     100%        4
 Summon Ice Beast         Ice/Summ       #.......     100%        4
 Metabolic Englaciation   Hex/Ice        #.........   100%        5
 Silence                  Hex/Air        #.........   100%        5
 Freezing Cloud           Conj/Ice/Air   #.........   100%        6


Dungeon Overview and Level Annotations

Branches:
Dungeon (11/15)            Temple (1/1) D:5            Lair (1/6) D:10
Ossuary (visited)
    Orc: D:9-12

Altars:
Ashenzari
Cheibriados
Dithmenos
Elyvilon
Fedhas
Gozag
Hepliaklqana
Kikubaaqudgha
Makhleb
Nemelex Xobeh
Okawaru
Qazlal
Ru
Sif Muna
Trog
Uskayaw
Vehumet
Wu Jian
Xom
Yredelemnul
Zin
The Shining One


Innate Abilities, Weirdness & Mutations

You are resistant to torment.
Your stone body is resilient. (AC +8)
You are immune to poison.
You resist negative energy. (rN+)
You are resistant to electric shocks. (rElec)
You can survive without breathing.
You are immune to petrification.
You are immune to rotting.
You cannot read scrolls while threatened.
You take slightly more damage. (AC -5)
Your magical capacity is very low. (-20% MP)
You are robust. (+10% HP)
You are occasionally teleported next to monsters.


Message History

You hit the komodo dragon.
The komodo dragon is lightly wounded.
The komodo dragon bites you!
* * * LOW HITPOINT WARNING * * *
You barely miss the komodo dragon.
The komodo dragon is lightly wounded.
You block the komodo dragon's attack.
You sock the komodo dragon!
The komodo dragon is moderately wounded.
You hit the komodo dragon but do no damage.
The komodo dragon is moderately wounded.
The komodo dragon bites you!
* * * LOW HITPOINT WARNING * * *
You bludgeon the komodo dragon!!
The komodo dragon is severely wounded.
You block the komodo dragon's attack.
You sock the komodo dragon!
The komodo dragon is almost dead.
The komodo dragon bites you!
You die...

.♣ PP...# ..♣♣♣P...#
#PPPPP...# #..P....#
#...^# #......# #....#
.##......# ###....#
.........######.#....#
.........l@..........##
.....##.##.#..........#
... #.....#..........#
. #.....P(.........#
#................##
+.....+...........#
#.....#...........#
P.##+##...........##
............<.###


You could see a komodo dragon.

Vanquished Creatures
  3 two-headed ogres
  An unseen horror (D:10)
  Pikel (D:8)
  An ugly thing (D:9)
  Psyche (D:8)
  Maurice (D:8)
  Prince Ribbit (D:7)
  A meliai zombie (D:10)
  Eustachio (D:4)
  Edmund (D:4)
  2 water moccasins
  3 sky beasts
  4 orc warriors
  3 ice beasts
  4 phantoms
  5 black bears
  5 ogres
  3 centaurs
  2 lemures (D:8)
  A big kobold (D:9)
  Blork the orc (D:6)
  8 bullfrogs
  A water moccasin skeleton (D:8)
  A wyvern skeleton (D:9)
  A scorpion (D:9)
  2 howler monkeys
  5 wights (D:10)
  An electric eel (D:6)
  2 bullfrog zombies
  An iron imp (D:8)
  2 hounds
  2 jellies
  2 bullfrog skeletons
  7 orc priests
  16 orc wizards
  Jessica (D:3)
  2 iguanas
  9 worker ants
  A hound zombie (D:7)
  8 mummies (Ossuary)
  9 gnolls
  8 adders
  A shadow imp (D:9)
  A white imp (D:9)
  An ufetubus (D:10)
  An adder zombie (D:6)
  An adder skeleton (D:4)
  3 worms
  2 dart slugs (D:1)
  7 leopard geckos
  42 orcs
  3 ball pythons
  6 bats
  5 giant cockroaches
  2 gnoll zombies (Ossuary)
  4 goblins
  6 hobgoblins
  4 jackals (D:1)
  9 kobolds
  5 quokkas
  5 frilled lizards
  2 hobgoblin zombies (Ossuary)
  A jackal skeleton (D:4)
  3 kobold zombies (Ossuary)
  A leopard gecko skeleton (D:4)
  A leopard gecko zombie (D:3)
  An orc zombie (Ossuary)
  A quokka skeleton (D:9)
  8 rats
260 creatures vanquished.

Notes
Turn   | Place    | Note
-------+----------+-------------------------------------------
     0 | D:1      | oldriver the Gargoyle Fighter began the quest for the Orb.
     0 | D:1      | Reached XP level 1. HP: 14/14 MP: 1/1
   133 | D:1      | Reached XP level 2. HP: 20/20 MP: 2/2
   394 | D:1      | Reached XP level 3. HP: 24/24 MP: 3/3
  2020 | D:2      | Reached skill level 3 in Maces & Flails
  2020 | D:2      | Reached XP level 4. HP: 29/29 MP: 4/4
  2144 | D:2      | Reached XP level 5. HP: 32/33 MP: 5/5
  2703 | D:3      | Reached XP level 6. HP: 38/39 MP: 6/6
  2732 | D:3      | Reached skill level 4 in Maces & Flails
  3082 | D:3      | Noticed Jessica
  3085 | D:3      | Killed Jessica
  3368 | D:4      | Found a glowing silver altar of Zin.
  3400 | D:4      | Noticed Edmund
  3421 | D:4      | Killed Edmund
  3421 | D:4      | Reached skill level 5 in Fighting
  3432 | D:4      | Reached XP level 7. HP: 37/44 MP: 7/7
  3515 | D:4      | Reached skill level 5 in Maces & Flails
  3817 | D:4      | Noticed Eustachio
  3849 | D:4      | Killed Eustachio
  4152 | D:4      | Reached skill level 6 in Maces & Flails
  4152 | D:4      | Reached skill level 1 in Dodging
  4383 | D:5      | Entered Level 5 of the Dungeon
  4415 | D:5      | Found a staircase to the Ecumenical Temple.
  4424 | D:5      | Reached XP level 8. HP: 51/51 MP: 8/8
  4441 | Temple   | Entered the Ecumenical Temple
  4445 | Temple   | Became a worshipper of Ru the Awakened
  4555 | D:6      | Reached skill level 5 in Shields
  4559 | D:6      | Found a glowing golden altar of the Shining One.
  4602 | D:6      | Found a sand-covered staircase.
  4625 | Ossuary  | Entered an ossuary
  5136 | D:6      | Reached skill level 7 in Maces & Flails
  5444 | D:6      | Noticed Blork the orc
  5449 | D:6      | Killed Blork the orc
  5449 | D:6      | Reached skill level 5 in Armour
  5571 | D:6      | Found a white marble altar of Elyvilon.
  5629 | D:6      | Found a shimmering blue altar of Sif Muna.
  5671 | D:6      | Gained mutation: You are agile. (Dex +2) [potion of
                  | mutation]
  5671 | D:6      | Gained mutation: You are occasionally teleported next to
                  | monsters. [potion of mutation]
  5671 | D:6      | Gained mutation: Your magical capacity is low. (-10% MP)
                  | [potion of mutation]
  5671 | D:6      | Gained mutation: Your mind is acute. (Int +2) [potion of
                  | mutation]
  5687 | D:6      | Reached skill level 8 in Maces & Flails
  5873 | D:6      | Reached skill level 1 in Stealth
  5873 | D:6      | Reached XP level 9. HP: 45/56 MP: 8/8
  6052 | D:6      | Found an iron altar of Okawaru.
  6359 | D:7      | You fall into a shaft and drop 3 floors!
  6359 | D:10     | Entered Level 10 of the Dungeon
  6369 | D:10     | Gained mutation: You take slightly more damage. (AC -5) [Ru
                  | sacrifice]
  6369 | D:10     | Reached * piety under Ru
  6672 | D:9      | Found a shadowy altar of Dithmenos.
  6733 | D:8      | Reached skill level 9 in Maces & Flails
  6953 | D:8      | Noticed a two-headed ogre
  7212 | D:8      | HP: 2/57 [two-headed ogre/+0 giant club (20)]
  7213 | D:8      | Killed a two-headed ogre
  7213 | D:8      | Reached XP level 10. HP: 3/63 MP: 9/9
  7462 | D:8      | Noticed Psyche
  7465 | D:8      | Reached skill level 10 in Maces & Flails
  7468 | D:8      | Noticed Pikel
  7514 | D:8      | Killed Psyche
  7538 | D:8      | Found a snail-covered altar of Cheibriados.
  7957 | D:7      | Noticed Prince Ribbit
  7976 | D:7      | Killed Prince Ribbit
  8696 | D:8      | Found a radiant altar of Vehumet.
  8726 | D:8      | Killed Pikel
  8739 | D:8      | Lost mutation: Your mind is acute. (Int +2) [potion of
                  | mutation]
  8739 | D:8      | Lost mutation: You are agile. (Dex +2) [potion of mutation]
  8739 | D:8      | Gained mutation: You are dopey. (Int -2) [potion of
                  | mutation]
  8739 | D:8      | Gained mutation: Your magical capacity is very low. (-20%
                  | MP) [potion of mutation]
  8739 | D:8      | Lost mutation: You are dopey. (Int -2) [potion of mutation]
  8739 | D:8      | Gained mutation: You are robust. (+10% HP) [potion of
                  | mutation]
  8944 | D:8      | Noticed Maurice
  8959 | D:8      | Killed Maurice
  8959 | D:8      | Reached skill level 11 in Maces & Flails
  9358 | D:9      | Gained mutation: You cannot read scrolls while threatened.
                  | [Ru sacrifice]
  9358 | D:9      | Reached ** piety under Ru
  9640 | D:9      | Noticed a purple ugly thing
  9650 | D:9      | Killed a purple ugly thing
  9650 | D:9      | Reached XP level 11. HP: 72/74 MP: 8/8
 10045 | D:11     | Noticed a two-headed ogre
 10051 | D:11     | Killed a two-headed ogre
 10285 | D:10     | Noticed an unseen horror
 10300 | D:10     | Killed an unseen horror
 10679 | D:10     | Noticed a two-headed ogre
 10692 | D:10     | Killed a two-headed ogre
 10692 | D:10     | Reached skill level 12 in Maces & Flails
 10988 | D:10     | Found a staircase to the Lair.
 11189 | D:10     | Identified the Catalogue of Feathery Bewitchment
 11420 | Lair:1   | Entered Level 1 of the Lair of Beasts
 11463 | Lair:1   | Slain by a komodo dragon

Illustrated notes

Levels and vault maps discovered:
D:1:      dpeg_arrival_round_c, layout_basic, chequers_big_river
D:2:      layout_basic
D:3:      kennysheep_big_flooded_room, layout_loops_ring, uniq_jessica
D:4:      layout_loops_ring, zin_statuary, serial_glass, glass_columns_b,
          glass_columns_c, uniq_edmund, uniq_eustachio
D:5:      layout_cave_pools, minmay_temple_entry_purple_smoke,
          cheibrodos_gnoll_hut
D:6:      layout_basic, lemuel_blue_sif_altar, elyvilon_altar_5,
          marbit_many_paths, tso_metal_star,
          nicolae_ossuary_entry_false_entrances, nicolae_water_bricks,
          minmay_misc_feat_rows, uniq_blork_the_orc
D:7:      layout_loops_ring, uniq_prince_ribbit1
D:8:      layout_rooms, slow_altar_1, vehumet_crystals, uniq_psyche,
          uniq_maurice, uniq_pikel
D:9:      layout_long_grid, old_standard_altar
D:10:     kennysheep_six_static_rooms, layout_irregular_city, lair_entry_dummy
D:11:     layout_basic, uniq_urug, uniq_harold
Temple:   zaba_magenta_temple
Lair:1:   kb_forest_paths, layout_chaotic_city, serial_forest,
          infiniplex_forest_end_1, infiniplex_forest_3_way,
          infiniplex_forest_lined_room_3, infiniplex_forest_clump_small,
          infiniplex_forest_corner_2

Skill      XL: |  1  2  3  4  5  6  7  8  9 10 11 |
---------------+----------------------------------+-----
Fighting       | 4 5 6 7 8 |  8.8
Maces & Flails | 3 4 6 8 9 11 12 | 12.1
Shields        | 4 5 6 7 8 |  8.3
Armour         | 4 5 6 7 |  7.6
Dodging        | 1 2 3 |  3.2
Stealth        | 1 2 3 |  3.3

Action                   |  1- 3 |  4- 6 |  7- 9 | 10-12 || total
-------------------------+-------+-------+-------+-------++-------
Melee: Flail             |   123 |   159 |   369 |   292 ||   943
Invok: Sacrifice Health  |       |       |     1 |       ||     1
       Sacrifice Words   |       |       |       |     1 ||     1
  Use: Potion            |     1 |       |    11 |     2 ||    14
       Scroll            |       |       |    15 |     1 ||    16
 Stab: Sleeping          |       |       |     4 |     2 ||     6
       Invisible         |       |       |     1 |     2 ||     3
       Distracted        |       |       |       |     1 ||     1
Armor: Scale mail        |    92 |    72 |   125 |    90 ||   379
       Skin              |       |       |    13 |       ||    13
       Chain mail        |       |       |       |     3 ||     3
Dodge: Dodged            |    51 |    45 |    85 |    73 ||   254
Block: Kite shield       |    70 |    84 |   187 |   138 ||   479

Table legend: (Time is in decaauts)
 A = Elapsed time spent in this place.
 B = Non-inter-level travel time spent in this place.
 C = Inter-level travel time spent in this place.
 D = Time resting spent in this place.
 E = Time spent auto-exploring this place.
 F = Levels seen in this place.
 G = Mean time per level.
                   A        B        C        D        E       F      G
               +--------+--------+--------+--------+--------+-----+--------+
         Total |  11566 |  11191 |    375 |   2555 |   6308 |  14 |  826.1 |
       Dungeon |  11064 |  10709 |    355 |   2555 |   5971 |  11 | 1005.8 |
        Temple |     83 |     63 |     20 |      0 |     58 |   1 |   83.0 |
          Lair |     40 |     40 |      0 |      0 |     23 |   1 |   40.0 |
       Ossuary |    377 |    377 |      0 |      0 |    256 |   1 |  377.0 |
               +--------+--------+--------+--------+--------+-----+--------+

Top non-repeatable levels by time:
     D:1: 1855 daAuts
     D:6: 1424 daAuts
     D:8: 1423 daAuts
    D:10: 1380 daAuts
     D:7: 1148 daAuts
     D:4: 1066 daAuts
     D:9: 995 daAuts
     D:2: 818 daAuts
     D:3: 778 daAuts
 Ossuary: 377 daAuts
    D:11: 112 daAuts
  Temple: 83 daAuts
     D:5: 59 daAuts
  Lair:1: 40 daAuts
